 Dungeon Crawl Stone Soup version 0.20.0-10-g0535bb4 (webtiles) character file.

33 poirepourri the Charmwright (level 3, -3/24 HPs)
             Began as a Halfling Skald on June 5, 2017.
             Slain by Sigmund
             ... wielding a +0 scythe
              (11 damage)
             ... on level 2 of the Dungeon.
             The game lasted 00:02:24 (1770 turns).

poirepourri the Charmwright (Halfling Skald)        Turns: 1770, Time: 00:02:25

Health: -3/24      AC:  5    Str: 12    XL:     3   Next: 47%
Magic:  3/5        EV: 15    Int: 11    God:
Gold:   77         SH:  0    Dex: 14    Spells: 0/5 levels left

rFire    . . .     SeeInvis .   a - +0 short sword
rCold    . . .     Gourm    .   (shield restricted)
rNeg     . . .     Faith    .   b - +0 leather armour
rPois    .         Spirit   .   (no helmet)
rElec    .         Reflect  .   (no cloak)
rCorr    +         Harm     .   d - +1 pair of gloves
MR       .....                  (no boots)
Stlth    +.........             f - amulet of magic regeneration
Regen    0.1/turn               g - ring of resist corrosion
MPRegen  0.2/turn               (no ring)

@: confused
A: mutation resistance 1
a: no special abilities


You were on level 2 of the Dungeon.
You were not hungry.

You visited 1 branch of the dungeon, and saw 2 of its levels.

You collected 77 gold pieces.

Inventory:

Hand Weapons
 a - a +0 short sword (weapon)
Armour
 b - a +0 leather armour (worn)
 d - a +1 pair of gloves (worn)
Jewellery
 f - an amulet of magic regeneration (around neck)
 g - a ring of resist corrosion (left hand)
Potions
 e - a potion of curing
Books
 c - a book of Battle

   Spells                             Type                      Level
   a - Infusion                       Charms                       1
   b - Shroud of Golubria             Charms/Translocation         2
   c - Song of Slaying                Charms                       2
   d - Spectral Weapon                Hexes/Charms                 3
   e - Regeneration                   Charms/Necromancy            3


   Skills:
 + Level 2.0 Fighting
 + Level 2.7 Short Blades
 + Level 1.4 Armour
 + Level 2.7 Dodging
 + Level 1.7 Spellcasting
 + Level 3.7 Charms


You couldn't memorise any spells.
You knew the following spells:

 Your Spells              Type           Power        Failure   Level  Hunger
a - Infusion              Chrm           #...         9%          1    ##.....
b - Shroud of Golubria    Chrm/Tloc      #.........   26%         2    ###....
c - Song of Slaying       Chrm           #.......     13%         2    ###....


Dungeon Overview and Level Annotations

Branches:
Dungeon (2/15)

Altars:

Annotations:
D:2 Sigmund


Innate Abilities, Weirdness & Mutations

You are small and have problems with some larger weapons.
You are somewhat resistant to further mutation.


Message History

Sigmund misses you. Sigmund misses you.
Your magical infusion is running out.
Your song is almost over.
Sigmund barely misses you. Sigmund misses you.
You feel less confused. Sigmund hits you with a scythe!
Sigmund mumbles some strange words.
Sigmund flickers and vanishes!
You see here 16 stones.
You are no longer magically infusing your attacks.
Your song has ended.
You hear some strange, mumbled words.
You are confused.
Something hits you!
You're too confused to move!
You closely miss something. Something barely misses you.
You miss something. You miss something. Something hits you!
You die...

##+##
##...##
##.<...##
##..)....##
#.....{(..#
+.....@...+
#.........#
##.......##
##.....##
##...##
##+##


There were no monsters in sight!

Vanquished Creatures
  An ooze (D:1)
  A dart slug (D:1)
  3 bats (D:1)
  A giant cockroach (D:1)
  2 goblins
  2 hobgoblins (D:1)
  4 jackals (D:1)
  5 frilled lizards (D:1)
  5 kobolds (D:1)
  3 rats (D:1)
27 creatures vanquished.

Vanquished Creatures (others)
  A rat (D:1)
1 creature vanquished.

Grand Total: 28 creatures vanquished

Notes
Turn   | Place    | Note
-------+----------+-------------------------------------------
     0 | D:1      | poirepourri the Halfling Skald began the quest for the Orb.
     0 | D:1      | Reached XP level 1. HP: 14/14 MP: 3/3
   270 | D:1      | Reached XP level 2. HP: 15/19 MP: 2/4
   286 | D:1      | Learned a level 2 spell: Shroud of Golubria
   893 | D:1      | Reached XP level 3. HP: 10/24 MP: 0/5
  1374 | D:1      | Learned a level 2 spell: Song of Slaying
  1672 | D:2      | Noticed Sigmund
  1770 | D:2      | Slain by Sigmund

Skill      XL: |  1  2 |
---------------+-------+-----
Fighting       | 2 |  2.0
Short Blades   | |  2.7
Armour         | |  1.4
Dodging        | |  2.7
Spellcasting   | |  1.7
Charms         | |  3.7

Action                   || total
-------------------------++-------
Melee: Short sword       ||   134
 Cast: Infusion          ||     9
       Shroud of Golubri ||     2
       Song of Slaying   ||     3
  Use: Scroll            ||     6
       Potion            ||     2
  Eat: Bread ration      ||     1
       Chunk             ||     1
Armor: Leather armour    ||    44
Dodge: Dodged            ||   137
